 Dungeon Crawl Stone Soup version 0.27.0-1-g7a089689b8 (webtiles) character file.

Game seed: 10933717351540041598

27 ZombieSheep the Magician (level 3, -1/28 HPs)
             Began as a Gnoll Wanderer on Aug 6, 2021.
             Was a Follower of Dithmenos.
             Succumbed to an adder's poison
             ... on level 2 of the Dungeon.
             The game lasted 00:02:32 (1363 turns).

ZombieSheep the Magician (Gnoll Wanderer)           Turns: 1363, Time: 00:02:33

Health: -1/28      AC:  2    Str: 11    XL:     3   Next: 10%
Magic:  9/9        EV: 11    Int: 11    God:    Dithmenos [*.....]
Gold:   25         SH:  0    Dex: 12    Spells: 12/12 levels left

rFire    . . .     SeeInvis .   a - +2 hand axe (flame)
rCold    + . .     Faith    .   (no shield)
rNeg     . . .     Spirit   .   d - +0 robe
rPois    .         Reflect  .   (no helmet)
rElec    .         Harm     .   (no cloak)
rCorr    .         Rampage  .   (no gloves)
Will     .....                  (no boots)
Stlth    ++........             (no amulet)
HPRegen  0.09/turn              g - ring of protection from cold
MPRegen  0.11/turn              (no ring)

@: lethally poisoned (-1 -> -13), wreathed by umbra
A: fangs 1, strong nose, distributed training
a: Renounce Religion


You were on level 2 of the Dungeon.
You worshipped Dithmenos.
Dithmenos was aware of your devotion.
You visited 1 branch of the dungeon, and saw 2 of its levels.

You collected 25 gold pieces.

Inventory:

Hand Weapons
 a - a +2 hand axe of flaming (weapon)
 b - a +0 shortbow
Missiles
 c - 24 arrows
Armour
 d - a +0 robe (worn)
 e - a +0 plate armour
 f - a +0 chain mail
 i - a +0 kite shield
Jewellery
 g - a ring of protection from cold (left hand)


   Skills:
 + Level 2.5 Fighting
 + Level 0.6 Short Blades
 + Level 0.6 Long Blades
 + Level 4.5 Axes
 + Level 0.6 Maces & Flails
 + Level 0.6 Polearms
 + Level 0.6 Staves
 + Level 0.6 Slings
 + Level 0.6 Bows
 + Level 0.6 Crossbows
 + Level 0.6 Throwing
 + Level 4.5 Armour
 + Level 0.6 Dodging
 + Level 0.6 Stealth
 + Level 0.6 Shields
 + Level 0.6 Unarmed Combat
 + Level 5.0 Spellcasting
 + Level 0.4 Conjurations
 + Level 0.4 Hexes
 + Level 0.4 Summonings
 + Level 0.4 Necromancy
 + Level 0.4 Translocations
 + Level 2.1 Transmutations
 + Level 0.4 Fire Magic
 + Level 0.4 Ice Magic
 + Level 0.4 Air Magic
 + Level 0.4 Earth Magic
 + Level 0.4 Poison Magic
 + Level 0.8 Invocations
 + Level 4.5 Evocations


You had 12 spell levels left.
You didn't know any spells.
Your spell library contained the following spells:

 Spells                   Type           Power      Damage    Failure   Level
 Sandblast                Erth           6%         2d5       19%         1
 Stone Arrow              Conj/Erth      6%         3d7       47%         3


Dungeon Overview and Level Annotations

Branches:
Dungeon (2/15)

Altars:
Dithmenos


Innate Abilities, Weirdness & Mutations

You have very sharp teeth.
Your uncanny sense of smell can sniff out nearby items.
Your experience applies equally to all skills.


Message History

The jackal barely misses you. The adder closely misses you.
The jackal stops to sniff the ground.
The jackal closely misses you. The jackal misses you.
The adder closely misses you. The jackal barely misses you.
There is an open door here.
The adder closely misses you. The adder misses you.
You barely miss the adder. Your bite misses the adder.
The adder closely misses you. The adder bites you.
You hit the adder. You burn the adder.
The adder is moderately wounded.
The adder misses you.
You closely miss the adder.
The adder is moderately wounded.
The adder bites you. The adder barely misses you.
You barely miss the adder.
The adder is moderately wounded.
The adder bites you.
You are poisoned.
The adder poisons you!
You are too injured to fight recklessly!
You are too injured to fight recklessly!
You feel sick.
You hit the adder. You burn the adder.
The adder is almost dead.
You feel sick. The adder bites you.
You are more poisoned.
The adder poisons you! The adder bites you.
* * * LOW HITPOINT WARNING * * *
You are more poisoned.
The adder poisons you!
You miss the adder. Your bite misses the adder.
The adder is almost dead.
* * * LOW HITPOINT WARNING * * *
You feel very sick. The adder misses you.
You completely miss the adder.
The adder is almost dead.
You die...

#.......#..###.##
.....###.....#.#
...........#.#.#
.....#....<#.#.#
###..........#.#
#....##.######.#
#.......######.#
#......).....#.#
#............#@#
###........>.#S#
#.......g..#h#
#........r.hh#
#####.........g###
...............#
...............#
...............####
########..........#


You could see an adder and 3 jackals.

Vanquished Creatures
  An orc (D:2)
  2 bats
  3 endoplasms (D:1)
  A giant cockroach (D:2)
  3 hobgoblins (D:1)
  5 quokkas (D:1)
  3 frilled lizards (D:1)
  3 kobolds
  3 rats (D:1)
24 creatures vanquished.

Notes
Turn   | Place    | Note
-------+----------+-------------------------------------------
     0 | D:1      | ZombieSheep the Gnoll Wanderer began the quest for the Orb.
     0 | D:1      | ZombieSheep set off with the following items: a +2 hand
                  | axe, a +0 shortbow, 24 arrows, a +0 robe; and the following
                  | spell memorised: Sandblast; and the following spells
                  | available to memorise: Stone Arrow
     0 | D:1      | Reached XP level 1. HP: 17/17 MP: 6/6
   269 | D:1      | Reached XP level 2. HP: 15/23 MP: 7/7
   744 | D:1      | Found a faded altar of an unknown god.
   750 | D:1      | Became a worshipper of Dithmenos the Shadowed
   750 | D:1      | Reached * piety under Dithmenos
  1221 | D:2      | Reached XP level 3. HP: 24/28 MP: 9/9
  1284 | D:2      | Reached skill level 5 in Spellcasting
  1363 | D:2      | Succumbed to an adder's poison

Illustrated notes

Levels and vault maps discovered:
D:1:      dpeg_arrival_connections, layout_loops_cross,
          ebering_ecumenical_altar_hall
D:2:      layout_basic, minmay_misc_feat_four_crosses, minmay_pentomino_x4

Skill      XL: |  1  2  3 |
---------------+----------+-----
Transmutations | 2 |  2.1
Spellcasting   | 5 |  5.0
Fighting       | |  2.5
Short Blades   | |  0.6
Long Blades    | |  0.6
Axes           | |  4.5
Maces & Flails | |  0.6
Polearms       | |  0.6
Staves         | |  0.6
Slings         | |  0.6
Bows           | |  0.6
Crossbows      | |  0.6
Throwing       | |  0.6
Armour         | |  4.5
Dodging        | |  0.6
Stealth        | |  0.6
Shields        | |  0.6
Unarmed Combat | |  0.6
Conjurations   | |  0.4
Hexes          | |  0.4
Summonings     | |  0.4
Necromancy     | |  0.4
Translocations | |  0.4
Fire Magic     | |  0.4
Ice Magic      | |  0.4
Air Magic      | |  0.4
Earth Magic    | |  0.4
Poison Magic   | |  0.4
Invocations    | |  0.8
Evocations     | |  4.5

Action                   || total
-------------------------++-------
Melee: Hand axe          ||    71
       Bite              ||     5
  Use: Scroll            ||     5
 Stab: Sleeping          ||     3
Armor: Robe              ||     8
Dodge: Dodged            ||    48
